 Dungeon Crawl Stone Soup version 0.29-a0-878-g7b45a56 (webtiles) character file.

Game seed: 2150847514458967822

53 Blightor the Magician (level 3, -7/24 HPs)
             Began as a Demonspawn Hedge Wizard on July 23, 2022.
             Killed from afar by Sigmund (19 damage)
             ... with a bolt of light
             ... on level 2 of the Dungeon.
             The game lasted 00:12:30 (1980 turns).

Blightor the Magician (Demonspawn Hedge Wizard)     Turns: 1980, Time: 00:12:32

Health: -7/24      AC:  4    Str: 10    XL:     3   Next: 62%
Magic:  8/8        EV: 12    Int: 17    God:
Gold:   29         SH:  0    Dex: 12    Spells: 8/9 levels left

rFire   . . .      SeeInvis .   a - +0 dagger
rCold   . . .      Faith    .   (no shield)
rNeg    . . .      Spirit   .   b - +0 robe
rPois   .          Reflect  .   c - +0 hat
rElec   .          Harm     .   (no cloak)
rCorr   .          Rampage  .   (no gloves)
Will    .....                   (no boots)
Stlth   ++........              (no amulet)
HPRegen 0.08/turn               (no ring)
MPRegen 0.11/turn               (no ring)

@: no status effects
A: thin metallic scales 1, ignite blood 1
a: no special abilities


You were on level 2 of the Dungeon.
You visited 1 branch of the dungeon, and saw 2 of its levels.

You collected 29 gold pieces.

Inventory:

Hand Weapons
 a - a +0 dagger (weapon)
Missiles
 k - 2 javelins
Armour
 b - a +0 robe (worn)
 c - a +0 hat (worn)
Scrolls
 h - a scroll of blinking {unknown}
 j - a scroll of torment {unknown}
Potions
 d - a potion of magic
 e - a potion of haste {unknown}
 f - 2 potions of mutation {unknown}
 g - 2 potions of curing {unknown}
 i - a potion of heal wounds {unknown}


   Skills:
 + Level 0.2 Fighting
 + Level 1.3 Short Blades
 + Level 2.1 Dodging
 + Level 1.8 Stealth
 + Level 3.7 Spellcasting
 + Level 1.3 Conjurations
 + Level 1.0 Summonings
 + Level 0.8 Translocations


You had 8 spell levels left.
You knew the following spells:

 Your Spells              Type           Power      Damage    Failure   Level
a - Magic Dart            Conj           28%        1d4       10%         1

Your spell library contained the following spells:

 Spells                   Type           Power      Damage    Failure   Level
 Slow                     Hex            12%        N/A       16%         1
 Call Imp                 Summ           6%         N/A       16%         2
 Blink                    Tloc           12%        N/A       17%         2
 Conjure Flame            Conj/Fire      5%         6-21      36%         3
 Mephitic Cloud           Conj/Pois/Air  4%         N/A       38%         3


Dungeon Overview and Level Annotations

Branches:
Dungeon (2/15)

Altars:

Annotations:
D:2 Sigmund


Innate Abilities, Weirdness & Mutations

You are partially covered in thin metallic scales. (AC +2)
Your demonic aura sometimes causes spilled blood to erupt in flames.


Message History

Sigmund points at you and mumbles some strange words.
The puff of flame hits you.
You see here a +0 dagger.
Sigmund gestures at you while chanting. You resist with significant effort.
You see here 9 stones.
A frilled lizard comes into view.
Sigmund is suddenly surrounded by pale blue light.
Sigmund casts a spell at you. You resist with significant effort.
The frilled lizard bites you but does no damage.
The frilled lizard attacks as you move away!
The frilled lizard closely misses you.
Found a stone staircase leading up.
The frilled lizard attacks as you move away!
The frilled lizard bites you but does no damage.
The frilled lizard barely misses you.
You open the door.
The frilled lizard bites you but does no damage.
Sigmund points at you and mumbles some strange words.
The puff of flame hits you.
The frilled lizard attacks as you move away!
The frilled lizard barely misses you.
Sigmund mumbles some strange words.
Sigmund flickers and vanishes!
Deactivating autopickup; reactivate with Ctrl-A.
There is an open door here.
The frilled lizard attacks as you move away!
The frilled lizard barely misses you.
You hit the frilled lizard.
You kill the frilled lizard!
You hear some strange, mumbled words.
Something tries to affect you, but you resist.
You hear a zap.
A bolt of light appears from out of thin air!
The bolt of light misses you.
You hear a zap.
A bolt of light appears from out of thin air!
The bolt of light hits you!!
Ouch! That really hurt!
You die...

..........# ####'####........
..........###.......#).......
....?.....#.#.⌠...⌠.#........
............#.......#.#######
............{...⌠...'.#
<..........##.......###
..#.###.#.###.⌠...⌠.#.# ....
##...###.......#.####### ....
#......####@####.......#
...###.###...###.#..........#
....#..###.#...#............#
...............#............#
..........(###...###.....####
..........@####..#.#.....#
......#..#......#.8.#....#
......)..........#.#....##
......#######....###..#.#


There were no monsters in sight!

Vanquished Creatures
  2 adders (D:2)
  A worm (D:2)
  5 endoplasms
  2 giant cockroaches
  4 goblins
  2 hobgoblins (D:1)
  4 jackals (D:1)
  2 bats
  4 frilled lizards
  3 kobolds
  A rat (D:1)
30 creatures vanquished.

Notes
Turn   | Place    | Note
-------+----------+-------------------------------------------
     0 | D:1      | Blightor the Demonspawn Hedge Wizard began the quest for
                  | the Orb.
     0 | D:1      | Reached XP level 1. HP: 13/13 MP: 4/4
   334 | D:1      | Gained mutation: You are partially covered in thin metallic
                  | scales. (AC +2) [demonic ancestry]
   334 | D:1      | Reached XP level 2. HP: 15/19 MP: 1/6
  1091 | D:1      | Reached skill level 1 in Short Blades
  1182 | D:2      | Gained mutation: Your demonic aura sometimes causes spilled
                  | blood to erupt in flames. [demonic ancestry]
  1182 | D:2      | Reached XP level 3. HP: 13/24 MP: 1/8
  1895 | D:2      | Noticed Sigmund
  1980 | D:2      | Killed from afar by Sigmund

Illustrated notes

Levels and vault maps discovered:
D:1:      minmay_arrival_split_and_join, layout_basic,
          minmay_misc_feat_diagonals
D:2:      layout_rooms, shapermc_ecumenical_altar_mp_highgroup,
          minmay_fountain_box, st_stairs_11, grunt_decor_one_mirror,
          bh_walls_and_bars, uniq_sigmund

Skill      XL: |  1  2  3 |
---------------+----------+-----
Short Blades   | 1 |  1.3
Dodging        | 2 |  2.1
Fighting       | |  0.2
Stealth        | |  1.8
Spellcasting   | |  3.7
Conjurations   | |  1.3
Summonings     | |  1.0
Translocations | |  0.8

Action                   || total
-------------------------++-------
Melee: Dagger            ||    94
       Punch             ||     1
 Cast: Magic Dart        ||    84
Armor: Robe              ||    51
Dodge: Dodged            ||   112

Table legend: (Time is in decaauts)
 A = Elapsed time spent in this place.
 B = Non-inter-level travel time spent in this place.
 C = Inter-level travel time spent in this place.
 D = Time resting spent in this place.
 E = Time spent auto-exploring this place.
 F = Levels seen in this place.
 G = Mean time per level.
                   A        B        C        D        E       F      G
               +--------+--------+--------+--------+--------+-----+--------+
         Total |   1975 |   1942 |     33 |      0 |   1413 |   2 |  987.5 |
       Dungeon |   1975 |   1942 |     33 |      0 |   1413 |   2 |  987.5 |
               +--------+--------+--------+--------+--------+-----+--------+

Top non-repeatable levels by time:
     D:1: 1159 daAuts
     D:2: 816 daAuts
